[Event "*** Titled Tuesday Blitz"]
[Site "Chess.com"]
[Date "2021.02.02"]
[Round "6"]
[White "ShahMatKanal"]
[Black "manitodeplomo"]
[Result "1-0"]
[WhiteElo "2494"]
[BlackElo "2628"]
[TimeControl "180+1"]
[EndTime "11:10:41 PST"]
[Termination "ShahMatKanal won on time"]

1. e4 g6 2. Nf3 Bg7 3. g3 c5 4.
Bg2 Nc6 5. O-O Nf6 6. Re1 O-O 7. c3 d5 8. e5 Ne8 9. d4 cxd4 10. cxd4 Nc7 11.
h3 Bf5 12. a3 Rc8 13. Nc3 b5 14. Bg5 a6 15. g4 Be6 16. Be3 f6 17. exf6 exf6 18. Bf4 Bf7 19. b4 Ne6 20. Qd2 Qd7 21.
Bh6 Bxh6 22. Qxh6 Ncxd4 23. Nxd4 Nxd4 24. Rad1 Rxc3 25. Rxd4 Rc4 26. Rd3 Re8 27. Red1 d4 28. Qf4 Kg7 29. Rxd4 Re1+ 30. Rxe1 Rxd4 31. Qb8 Rd1 32. Rxd1 Qxd1+ 33. Kh2 Qd2 34. Qa7 Qf4+ 35. Kg1 Qc1+ 36. Kh2 Qf4+ 37. Kg1 Qd6 38. Bf3 f5 39.
gxf5 gxf5 40. Bg2 Kf6 41. Qe3 Bg6 42. Qc3+ Qe5 43. Qc6+ Qe6 44. Qc3+ Qe5 45. Qc6+ Qe6 46. Bd5 Qxc6 47. Bxc6 Kg5 48. Bb7 Kh4 49. Kh2 Be8 50.
Bxa6 f4 51. Bb7 Bd7 52. Be4 h6 53. Bg2 f3 54. Bxf3 Bxh3 55. Bc6 Bf1 56. Kg1 Bd3 57. Kg2 Kg4 58. f3+ Kf4 59. Bd7 h5 60. Bc6 h4 61. Kh3 Kg5 62. f4+ Kxf4 63. Kxh4 Ke3 64. Kg5 Kd4 65. Kf6 Kc3 66. Ke5 Kb3 67. Kd4 Kxa3 68.
Kc5 Kb3 69. Bxb5 Be4 70. Bc4+ Kc3 71. b5 Bf3 72. Bd5 Bg4 73. b6 Bc8 74. Kc6 Kb4 75. Kc7 Ka5 76. Bc6 Ka6 77. Bd7 Bxd7 78. b7 1-0

[Event "*** Titled Tuesday Blitz"]
[Site "Chess.com"]
[Date "2021.02.02"]
[Round "6"]
[White "Arseniy_Nesterov"]
[Black "Msb2"]
[Result "0-1"]
[WhiteElo "2816"]
[BlackElo "2910"]
[TimeControl "180+1"]
[EndTime "11:10:48 PST"]
[Termination "Msb2 won by checkmate"]

1. d4 d5 2. c4 e6 3. Nf3 Nf6 4. Nc3 Bb4 5. Qb3 a5 6. Bg5 c5 7. a3 a4 8. Qc2 Bxc3+ 9. Qxc3 Nc6 10. cxd5 cxd4 11. Nxd4 Nxd5 12. Qxc6+ bxc6 13. Bxd8 Kxd8 14. Nxc6+ Kd7 15. Ne5+ Ke7 16. e4 Nb6 17. O-O-O Bb7 18. f3 f6 19. Nd3 Rac8+ 20. Kb1 Rhd8 21. Be2 Nc4 22. Nb4 Ne3 23. Rxd8 Rxd8 24. Re1 g5 25.
Ba6 Nxg2 26. Rg1 Bxa6 27. Nc6+ Kd7 28. Nxd8 Nf4 29. Nf7 Be2 30. Ne5+ fxe5 31. Rxg5 Bxf3 32. Rxe5 Kd6 33. Ra5 Bxe4+ 34. Kc1 Bc6 35. Kd2 e5 36. Kc3 Nd5+ 37. Kd3 Nc7 38. Kc3 h6 39. b3 Nd5+ 40.
Kb2 axb3 41. Kxb3 e4 42. Kc4 Ke5 43. a4 e3 44. Kd3 Bd7 45. Ra8 Bf5+ 46. Ke2 h5 47. Re8+ Kd4 48. a5 Bg4+ 49. Kf1 Nf4 50. a6 e2+ 51. Kf2 Nd3+ 52. Kg3 e1=Q+ 53. Rxe1 Nxe1 54.
a7 Bf3 55. Kh4 Ke5 56. a8=Q Bxa8 57. Kxh5 Nf3 58. Kg4 Nxh2+ 59. Kg5 Nf3+ 60. Kg6 Bd5 61. Kg7 Kf5 62. Kh8 Kf6 63. Kh7 Ne5 64. Kh8 Ng6+ 65. Kh7 Bf7 66. Kh6 Bg8 67. Kh5 Kf5 68.
Kh6 Kf6 69. Kh5 Ne5 70. Kh4 Kf5 71. Kg3 Ng4 72. Kf3 Bc4 73. Kg3 Bd5 74. Kh4 Kf4 75. Kh5 Bf7+ 76. Kh4 Bg6 77. Kh3 Ne3 78. Kh4 Ng2+ 79.
Kh3 Kf3 80. Kh2 Nf4 81. Kg1 Bd3 82.
Kh2 Kf2 83. Kh1 Ne2 84. Kh2 Ng1 85. Kh1 Bf1 86. Kh2 Ne2 87. Kh1 Bh3 88. Kh2 Bd7 89. Kh1 Ng3+ 90. Kh2 Nf1+ 91. Kh1 Bc6# 0-1

[Event "*** Titled Tuesday Blitz"]
[Site "Chess.com"]
[Date "2021.02.02"]
[Round "6"]
[White "nrvisakh"]
[Black "Sviridov_Valery"]
[Result "1/2-1/2"]
[WhiteElo "2745"]
[BlackElo "2937"]
[TimeControl "180+1"]
[EndTime "11:10:48 PST"]
[Termination "Game drawn - insufficient material"]

1. c4 e5 2. g3 Nf6 3. Nc3 d5 4. cxd5 Nxd5 5. Bg2 Nb6 6. Nf3 Nc6 7. O-O Be7 8. d3 O-O 9. Rb1 a5 10. a3 Be6 11. b4 axb4 12. axb4 f6 13. b5 Nd4 14. Nd2 Ra7 15. e3 Nf5 16. Qc2 Qd7 17. Rd1 Rd8 18.
Nde4 Bf8 19. Bb2 Kh8 20. Ra1 Rxa1 21. Bxa1 Ra8 22. Nd2 Nd6 23. Rc1 Nxb5 24. Nxb5 Qxb5 25. Rb1 Qd7 26. Bxb7 Ra2 27. Bb2 Nd5 28. Bc6 Qd8 29.
Qb3 Ra6 30. Bxd5 Bxd5 31. Qc2 Rc6 32. Qd1 Rb6 33. d4 exd4 34. Bxd4 Rxb1 35. Qxb1 c5 36. Bc3 h6 37. Qd3 Qa8 38. e4 Bc6 39. h4 Qe8 40. Qe3 Qe6 41. e5 Qd5 42. f3 c4 43. Bd4 fxe5 44.
Qxe5 Qxe5 45. Bxe5 Bc5+ 46. Kg2 Bd5 47. Ne4 Bxe4 48.
fxe4 h5 49. Kf3 Kg8 50. g4 g6 51. Bc3 Kf7 52. gxh5 gxh5 53. Kf4 Be7 54. e5 Bxh4 55. Ke4 Ke6 56. Kd4 Bg3 57. Kxc4 Bxe5 58. Be1 Kf5 59. Kd3 Kg4 60. Ke2 Kh3 61. Kf1 Bf4 62.
Bf2 Kg4 63. Kg2 Be5 64. Be1 Bd6 65. Bf2 Be7 66. Be1 Bg5 67. Bf2 Bd2 68. Bg3 Ba5 69. Bf2 Bb4 70. Bg3 Bc5 71. Be1 Bd6 72. Bf2 Be7 73. Be1 Bg5 74. Bf2 Bh6 75. Be1 Kf4 76. Bd2+ Kg4 77. Bxh6 h4 78. Kh2 h3 79. Bf8 Kf5 80. Bd6 Ke6 81. Bb8 Kd7 82. Kxh3 1/2-1/2

[Event "*** Titled Tuesday Blitz"]
[Site "Chess.com"]
[Date "2021.02.02"]
[Round "6"]
[White "glebus008"]
[Black "ApacheSVD"]
[Result "0-1"]
[WhiteElo "2266"]
[BlackElo "2425"]
[TimeControl "180+1"]
[EndTime "11:10:48 PST"]
[Termination "ApacheSVD won by checkmate"]

1. e4 c5 2. Nf3 d6 3. d4 cxd4 4. Qxd4 a6 5. Bc4 Nc6 6. Qd3 e6 7. Nc3 Nf6 8. Bg5 Be7 9. O-O-O b5 10. Bb3 Bb7 11. Rhe1 h6 12. Bxf6 gxf6 13. Nd4 Nxd4 14. Qxd4 Qc7 15. f4 Qc5 16. f5 Qxd4 17. Rxd4 Bc8 18.
Ne2 Bd7 19. Rd2 O-O-O 20. Nf4 exf5 21. exf5 Bf8 22. Bxf7 Bxf5 23. Be6+ Bxe6 24. Nxe6 Re8 25. Rde2 h5 26. Nxf8 Rexf8 27. Re7 Rhg8 28. g3 Rd8 29. Rh7 Rge8 30. Rf1 Re2 31. Rxh5 Rde8 32. b3 Rg2 33. Kb1 Ree2 34. Rc1 Rxh2 35. Rf5 Rhf2 36. Rxf2 Rxf2 37. Rh1 Rf3 38. Rh7 Rxg3 39. Ra7 f5 40. Rxa6 Kc7 41. Ra8 f4 42. Rf8 Rf3 43. Kc1 Rf1+ 44. Kd2 f3 45. Ke3 Ra1 46. Rxf3 Rxa2 47. Kd3 Kc6 48. Kc3 Ra1 49.
Rf4 Rh1 50. Rg4 Rh3+ 51. Kb2 Kc5 52. Rg2 d5 53. Rd2 Rf3 54. Kb1 Rf1+ 55. Kb2 Rf8 56. Re2 b4 57. Rd2 Rd8 58. Re2 Kd4 59. Rd2+ Ke3 60. Rd3+ Ke4 61. Rh3 d4 62. Rh4+ Ke3 63. Rh3+ Kd2 64. Rh2+ Ke1 65. Rh1+ Kf2 66. Rh2+ Kg3 67. Rd2 Kf3 68. Rd3+ Ke4 69. Rh3 d3 70. cxd3+ Rxd3 71. Rh4+ Kd5 72. Rxb4 Rd2+ 73. Ka3 Kc5 74. Rc4+ Kb5 75. Rh4 Rd5 76. Rg4 Rf5 77. Re4 Rg5 78.
Rb4+ Ka6 79. Ka4 Ra5# 0-1

[Event "*** Titled Tuesday Blitz"]
[Site "Chess.com"]
[Date "2021.02.02"]
[Round "6"]
[White "Thjop"]
[Black "kirillshevchenko"]
[Result "0-1"]
[WhiteElo "2668"]
[BlackElo "2843"]
[TimeControl "180+1"]
[EndTime "11:11:10 PST"]
[Termination "kirillshevchenko won by checkmate"]

1. e4 c5 2. Nf3 Nc6 3. g3 e5 4. Bg2 g6 5. O-O Bg7 6. d3 Nge7 7. Nc3 d6 8. Nd2 Rb8 9. a4 a6 10. Nc4 b5 11. axb5 axb5 12. Ne3 O-O 13. Ncd5 f5 14. f4 exf4 15. gxf4 Nxd5 16. Nxd5 Ne7 17. Nxe7+ Qxe7 18. c3 b4 19. Bd2 Kh8 20. Rf2 bxc3 21. Bxc3 Bb7 22.
Ra7 Ra8 23. Rxa8 Bxa8 24. Qd2 fxe4 25. dxe4 Bxe4 26. Bxg7+ Kxg7 27. Bxe4 Qxe4 28. Qxd6 Rf5 29. Qd7+ Kh6 30. Qd2 Rd5 31. Qc1 Kg7 32. Qc3+ Kf7 33. Qb3 c4 34. Qf3 Qxf3 35. Rxf3 Ke6 36. b3 Rd1+ 37. Kg2 Rd2+ 38. Kg3 Rc2 39. bxc4 Rxc4 40. Re3+ Kf6 41. h3 Rc5 42. Rd3 Kf5 43. Ra3 h6 44. Rb3 Rd5 45. Ra3 Kf6 46. Ra6+ Kf5 47. Ra3 Rb5 48. Rc3 h5 49. Rd3 Ke4 50. Ra3 Rd5 51.
Ra4+ Kf5 52. Ra3 Rd4 53. Ra5+ Kf6 54. Rb5 Kg7 55. Rc5 Kf6 56. Re5 Rd3+ 57. Kg2 Rc3 58. Rd5 Ke6 59. Rg5 Kf6 60. Ra5 Rb3 61. Kf2 Rxh3 62.
Kg2 Rc3 63. Kf2 Rd3 64. Kg2 Rd1 65. Kf2 Rh1 66. Kg2 Rh4 67. Kg3 Rh1 68. Kg2 Rb1 69. Kg3 Rb3+ 70. Kh4 Rf3 71. Ra6+ Kg7 72. Kg5 Rg3+ 73.
Kh4 Rg4+ 74. Kh3 Rxf4 75. Ra7+ Rf7 76. Ra8 Kh6 77. Ra5 Rf5 78. Ra6 Kg5 79. Kg3 Rc5 80. Ra4 Re5 81. Rb4 Re3+ 82. Kg2 Kf5 83. Kf2 Re5 84. Rb8 g5 85. Kg3 Re3+ 86. Kf2 Rd3 87. Rf8+ Kg4 88. Kg2 Rd2+ 89. Kg1 Kg3 90. Ra8 Rd1# 0-1

[Event "*** Titled Tuesday Blitz"]
[Site "Chess.com"]
[Date "2021.02.02"]
[Round "6"]
[White "johnathan113"]
[Black "frederiksvane"]
[Result "1/2-1/2"]
[WhiteElo "2589"]
[BlackElo "2762"]
[TimeControl "180+1"]
[EndTime "11:11:42 PST"]
[Termination "Game drawn by repetition"]

1. e4 c5 2. Nf3 g6 3. d4 cxd4 4. Nxd4 Bg7 5. Nc3 Nc6 6. Be3 Nf6 7. Bc4 O-O 8. Bb3 Re8 9. O-O d6 10. f3 Na5 11. Qe2 a6 12. Qf2 b5 13. Rfd1 Qc7 14.
Nd5 Nxd5 15. Bxd5 Bb7 16. Ne6 Qc8 17. Nxg7 Kxg7 18. Bd4+ f6 19. b3 Bxd5 20. exd5 Qf5 21. Rd2 Rac8 22. Re1 Nb7 23. Rde2 Kf7 24. Qh4 Qh5 25. Qe4 Nc5 26. Bxc5 Rxc5 27. Qe6+ Kf8 28. Qd7 Qf5 29. Qa7 Rxc2 30. Rxe7 Rxe7 31. Qxe7+ Kg8 32. Qxd6 Kg7 33. Qe7+ Kh6 34. Qe3+ g5 35. Qe4 Kg6 36.
d6 Qxe4 37. fxe4 Rd2 38. e5 fxe5 39. Rxe5 Rxd6 40. Re2 Kf5 41. g3 Rc6 42. Rf2+ Ke4 43. Kg2 Kd3 44. Kh3 h5 45. Rf5 Rg6 46. g4 hxg4+ 47.
Kxg4 Rh6 48. h3 Rh4+ 49. Kg3 Rh5 50. Rc5 Kd4 51. Rc6 a5 52. Kg4 Rh4+ 53. Kg3 Re4 54.
Ra6 a4 55. bxa4 b4 56. a5 Kc3 57. Ra8 Kb2 58. Kf3 Re7 59. Rb8 Ka3 60. a6 Ra7 61.
Rb6 Kxa2 62. Rxb4 Rxa6 63. Kg4 Ra5 64. Rb8 Ka3 65. Rf8 Kb3 66. Rf5 Ra8 67. Kxg5 Kc4 68. h4 Kd4 69. h5 Ke4 70. Rf1 Rg8+ 71. Kh6 Rg2 72. Kh7 Ke5 73. h6 Ke6 74. Kh8 Ke7 75. h7 Rg3 76. Re1+ Kf7 77. Rf1+ Ke7 78. Rf4 Rg2 79.
Re4+ Kf7 80. Ra4 Rf2 81. Ra8 Rf1 82. Rg8 Rf2 83. Rg7+ Kf8 84. Rg8+ Kf7 85. Rg4 Rf1 86. Rg7+ Kf8 87. Rb7 Rf2 88. Rb5 Rf1 89. Rb2 Rf3 90.
Rb4 Rf2 91. Rb8+ Kf7 92. Rc8 Rf1 93. Rd8 Rf2 94. Rc8 Rf1 95. Rc2 Kf8 96. Rc3 Kf7 97.
Rd3 Kf8 98. Rg3 Kf7 99. Rg2 Kf8 100. Rh2 Kf7 101. Rg2 Kf8 102. Rg8+ Kf7 103. Rc8 Rf2 104. Rc1 Kf8 105. Rc8+ Kf7 106. Ra8 Rf1 107. Ra7+ Kf8 108. Ra8+ Kf7 1/2-1/2

[Event "*** Titled Tuesday Blitz"]
[Site "Chess.com"]
[Date "2021.02.02"]
[Round "7"]
[White "Enriquack"]
[Black "Sharpchess22"]
[Result "0-1"]
[WhiteElo "2443"]
[BlackElo "2684"]
[TimeControl "180+1"]
[EndTime "11:13:42 PST"]
[Termination "Sharpchess22 won by resignation"]

1. e4 e5 2. f4 exf4 3. Nf3 Ne7 4. d4 d5 5. Nc3 dxe4 6. Nxe4 Ng6 7. h4 Be7 8. h5 Nh4 9. Bxf4 Bf5 10. Ng3 Bg4 11.
Be2 Nxg2+ 0-1

[Event "*** Titled Tuesday Blitz"]
[Site "Chess.com"]
[Date "2021.02.02"]
[Round "7"]
[White "OhanyanEminChess"]
[Black "Tsyhanchuk_Stanislav"]
[Result "1-0"]
[WhiteElo "2651"]
[BlackElo "2453"]
[TimeControl "180+1"]
[EndTime "11:13:48 PST"]
[Termination "OhanyanEminChess won by resignation"]

1. e4 c5 2. Nf3 Nc6 3. Nc3 e5 4. Bc4 Be7 5. d3 d6 6. Nd2 Nf6 7. Nf1 O-O 8. Ne3 a6 9. O-O Be6 10. a4 Rb8 11. Ned5 Nd4 12. Nxf6+ Bxf6 13. a5 Bg5 14. Be3 Bxc4 15. Bxg5 f5 16. Bxd8 1-0

[Event "*** Titled Tuesday Blitz"]
[Site "Chess.com"]
[Date "2021.02.02"]
[Round "7"]
[White "MoreChessJulia"]
[Black "sbouchet"]
[Result "0-1"]
[WhiteElo "2159"]
[BlackElo "2338"]
[TimeControl "180+1"]
[EndTime "11:14:16 PST"]
[Termination "sbouchet won by resignation"]

1. d4 Nf6 2. Bg5 Ne4 3. Bh4 d5 4. f3 Nd6 5. Nd2 Nf5 6. Bf2 c5 7. e3 cxd4 8. exd4 Nc6 9. c3 g6 10. Bd3 Bg7 11. Ne2 O-O 12. O-O Nd6 13. g4 e5 14. Nb3 e4 15. fxe4 dxe4 16. Bc2 Bxg4 17.
Be3 Bf3 18. Qc1 Bxe2 0-1

[Event "*** Titled Tuesday Blitz"]
[Site "Chess.com"]
[Date "2021.02.02"]
[Round "7"]
[White "druskacik"]
[Black "ApacheSVD"]
[Result "1-0"]
[WhiteElo "2592"]
[BlackElo "2420"]
[TimeControl "180+1"]
[EndTime "11:14:31 PST"]
[Termination "druskacik won by resignation"]

1. d4 d5 2. Nf3 e6 3. e3 c6 4. c4 f5 5. b3 Nf6 6. Bd3 Bd6 7. Bb2 Qe7 8. Qc1 O-O 9. Ba3 Nbd7 10. Bxd6 Qxd6 11.
Qa3 Qxa3 12. Nxa3 Re8 13. cxd5 cxd5 14. Nb5 Rd8 15. Nc7 Rb8 16. Nxe6 Re8 17. Nc7 Rf8 18.
Bxf5 1-0

[Event "*** Titled Tuesday Blitz"]
[Site "Chess.com"]
[Date "2021.02.02"]
[Round "7"]
[White "tk22h"]
[Black "IljaJoke"]
[Result "0-1"]
[WhiteElo "2356"]
[BlackElo "2501"]
[TimeControl "180+1"]
[EndTime "11:14:33 PST"]
[Termination "IljaJoke won by resignation"]

1. c4 e6 2. Nc3 d5 3. d4 c5 4. e3 Nf6 5. Nf3 Nc6 6. cxd5 exd5 7. Be2 cxd4 8. Nxd4 Bd6 9. O-O O-O 10. Bf3 Be5 11. Nxc6 bxc6 12. Qc2 Rb8 13. b3 Ne4 14. Bxe4 dxe4 15.
Bb2 Qh4 16. g3 Qg4 17. Qd1 Qh3 18. Rb1 Bg4 19. f3 exf3 20. Rf2 Bxg3 21. hxg3 Qxg3+ 22. Kf1 Bh3+ 0-1

[Event "*** Titled Tuesday Blitz"]
[Site "Chess.com"]
[Date "2021.02.02"]
[Round "7"]
[White "jacky72"]
[Black "Firstov"]
[Result "1-0"]
[WhiteElo "2682"]
[BlackElo "2494"]
[TimeControl "180+1"]
[EndTime "11:14:50 PST"]
[Termination "jacky72 won by resignation"]

1. d4 b6 2. Nf3 Bb7 3. g3 Bxf3 4. exf3 d5 5. Bd3 e6 6. O-O Nf6 7. b3 Be7 8. c4 O-O 9. Nc3 Nc6 10. cxd5 Nxd5 11.
Nxd5 Qxd5 12. Be4 Qd6 13. Bf4 Qd7 14. Rc1 Nxd4 15. Rxc7 1-0

[Event "*** Titled Tuesday Blitz"]
[Site "Chess.com"]
[Date "2021.02.02"]
[Round "7"]
[White "HrvojeZagreb"]
[Black "Alex_Molchanov"]
[Result "1-0"]
[WhiteElo "2229"]
[BlackElo "2434"]
[TimeControl "180+1"]
[EndTime "11:15:04 PST"]
[Termination "HrvojeZagreb won by resignation"]

1. d4 d5 2. Bf4 c5 3. e3 Nc6 4.
Nc3 cxd4 5. exd4 Nf6 6. Nb5 e5 7. dxe5 Ne4 8. Qxd5 Qxd5 9. Nc7+ Kd8 10. Nxd5 Be6 11.
Rd1 Kc8 12. f3 Nc5 13. Ne2 h6 14. Nec3 Nb4 15. Nxb4 1-0

[Event "*** Titled Tuesday Blitz"]
[Site "Chess.com"]
[Date "2021.02.02"]
[Round "7"]
[White "woodhy"]
[Black "glebus008"]
[Result "1-0"]
[WhiteElo "2459"]
[BlackElo "2262"]
[TimeControl "180+1"]
[EndTime "11:15:17 PST"]
[Termination "woodhy won by resignation"]

1. e4 d5 2. exd5 Nf6 3. Nc3 Nxd5 4. Nf3 c6 5. Bc4 Be6 6. Ne4 Nc3 7. bxc3 Bxc4 8. d3 Bd5 9. Qe2 e6 10. O-O Be7 11. Rb1 b6 12. c4 Bxe4 13. Qxe4 O-O 14. a4 Qc7 15. Bf4 Bd6 16. Ng5 g6 17. Bxd6 Qxd6 18.
Qh4 h5 19. Ne4 Qd8 20. Qf4 1-0

[Event "*** Titled Tuesday Blitz"]
[Site "Chess.com"]
[Date "2021.02.02"]
[Round "7"]
[White "NateSolon"]
[Black "HackingKid98"]
[Result "0-1"]
[WhiteElo "2520"]
[BlackElo "2465"]
[TimeControl "180+1"]
[EndTime "11:15:29 PST"]
[Termination "HackingKid98 won by resignation"]

1. d4 Nf6 2. c4 c6 3. Nc3 d5 4.
e3 e6 5. Nf3 Nbd7 6. Be2 dxc4 7. a4 Bb4 8. Bxc4 O-O 9. O-O b6 10. Qc2 Bb7 11. Rd1 Qe7 12. e4 c5 13. d5 exd5 14.
exd5 Ne5 15. Nxe5 Qxe5 16. Ne2 Nxd5 17. Bxd5 Bxd5 18. Bf4 Qe4 19. Qxe4 Bxe4 20. Ng3 Bc2 21. Rd7 Rfd8 0-1

[Event "*** Titled Tuesday Blitz"]
[Site "Chess.com"]
[Date "2021.02.02"]
[Round "7"]
[White "MuhittinBuker"]
[Black "tteshan"]
[Result "0-1"]
[WhiteElo "2129"]
[BlackElo "2325"]
[TimeControl "180+1"]
[EndTime "11:15:35 PST"]
[Termination "tteshan won on time"]

1. d4 Nf6 2. c4 e6 3. Nf3 c5 4. e3 cxd4 5. exd4 b6 6. Bd3 Bb7 7. O-O Be7 8. Nc3 O-O 9. Re1 d5 10. cxd5 Nxd5 11. Nxd5 Bxd5 0-1

[Event "*** Titled Tuesday Blitz"]
[Site "Chess.com"]
[Date "2021.02.02"]
[Round "7"]
[White "Fluke180"]
[Black "Meri-Arabidze"]
[Result "0-1"]
[WhiteElo "2438"]
[BlackElo "2610"]
[TimeControl "180+1"]
[EndTime "11:15:40 PST"]
[Termination "Meri-Arabidze won by resignation"]

1. d4 d5 2. Nc3 Nf6 3. Bg5 c6 4. Bxf6 exf6 5. e3 Bd6 6. Bd3 O-O 7. Qh5 g6 8. Qh6 Re8 9. h4 Bf8 10. Qf4 Qd6 11. Nge2 Qxf4 12. Nxf4 h5 13. O-O-O Bh6 14.
g3 Bg4 15. Rde1 Nd7 16. Rhg1 b5 17. Nb1 Nb6 18. Nd2 Nc4 19. b3 Nd6 20. Ng2 a5 21. f3 Bf5 22. Kd1 a4 23. Ke2 axb3 24. axb3 Ra2 25. Kf2 Bxd3 0-1

[Event "*** Titled Tuesday Blitz"]
[Site "Chess.com"]
[Date "2021.02.02"]
[Round "7"]
[White "Jadeit90"]
[Black "Legendinunknown"]
[Result "0-1"]
[WhiteElo "2421"]
[BlackElo "2589"]
[TimeControl "180+1"]
[EndTime "11:15:43 PST"]
[Termination "Legendinunknown won by resignation"]

1. g3 Nf6 2. Bg2 g6 3. e4 Bg7 4.
e5 Ng8 5. d4 d6 6. exd6 cxd6 7.
Nf3 Nf6 8. O-O O-O 9. c4 Nbd7 10. Nc3 Rb8 11. Re1 a6 12. d5 b5 13. Nd4 Bb7 14. Nc6 Bxc6 15. dxc6 Ne5 16. cxb5 axb5 17. Bg5 b4 18. Bxf6 bxc3 19. Bxg7 Kxg7 20. bxc3 Rc8 21. Qd4 f6 22. Qa4 Qb6 23. Rab1 Qc5 24. Rb7 Rf7 25.
Qb4 Rxc6 26. Bxc6 Qxc6 27. Qe4 d5 28. Qb1 Nf3+ 29. Kf1 Nd2+ 0-1

[Event "*** Titled Tuesday Blitz"]
[Site "Chess.com"]
[Date "2021.02.02"]
[Round "7"]
[White "louis198"]
[Black "Taktikmonster"]
[Result "1-0"]
[WhiteElo "2571"]
[BlackElo "2289"]
[TimeControl "180+1"]
[EndTime "11:16:01 PST"]
[Termination "louis198 won by resignation"]

1. d4 Nf6 2. c4 e6 3. Nc3 Bb4 4. Qb3 c5 5. e3 O-O 6. Bd3 Nc6 7. Ne2 d5 8. cxd5 Nxd5 9. O-O cxd4 10. exd4 Bd6 11.
Nxd5 exd5 12. g3 Be6 13. a3 Na5 14. Qd1 Rc8 15. Bf4 Nc4 16. Bxd6 Qxd6 17. Nf4 Nxb2 18. Bxh7+ Kxh7 19. Qb1+ Kg8 20. Qxb2 b6 21. h4 Rc4 22.
Rae1 Rfc8 23. Nxe6 fxe6 24. Re2 Rc3 25. Rfe1 Qxa3 26.
Qb1 Rc1 27. Qg6 Qa1 28. Qxe6+ Kh8 29. Qxc8+ 1-0

[Event "*** Titled Tuesday Blitz"]
[Site "Chess.com"]
[Date "2021.02.02"]
[Round "7"]
[White "Margency"]
[Black "Arseniy_Nesterov"]
[Result "0-1"]
[WhiteElo "2638"]
[BlackElo "2820"]
[TimeControl "180+1"]
[EndTime "11:16:06 PST"]
[Termination "Arseniy_Nesterov won by resignation"]

1. e4 e5 2. Nf3 Nc6 3. Bc4 Bc5 4.
d3 Nf6 5. O-O d6 6. c3 O-O 7. a4 a5 8. Na3 h6 9. Nc2 Ba7 10. Be3 Bxe3 11. Nxe3 Be6 12. Bxe6 fxe6 13. Nc4 Qe8 14. Re1 Nh5 15. g3 Qf7 16. Kg2 Qg6 17. Rf1 Rf7 18. Ncd2 Nf4+ 19. Kh1 Nxd3 20. Qe2 Nc5 21. Nh4 Qg5 22. f3 Raf8 23. Qc4 Qxd2 0-1

[Event "*** Titled Tuesday Blitz"]
[Site "Chess.com"]
[Date "2021.02.02"]
[Round "7"]
[White "KyronGriffith"]
[Black "DenLaz"]
[Result "0-1"]
[WhiteElo "2512"]
[BlackElo "2813"]
[TimeControl "180+1"]
[EndTime "11:16:06 PST"]
[Termination "DenLaz won by resignation"]

1. e4 e5 2. Nf3 Nc6 3. Nc3 Nf6 4. d4 exd4 5. Nxd4 Bb4 6. Nxc6 bxc6 7. Bd3 O-O 8. O-O d5 9. exd5 cxd5 10. Bg5 c6 11. Qf3 Bd6 12. Rfe1 h6 13. Bxf6 Qxf6 14. Qxf6 gxf6 15.
Ne2 Rb8 16. b3 Bd7 17. Ng3 Rfe8 18. Nf5 Bf8 19. Kf1 Re5 20. Ng3 Bb4 21. Re2 a5 22. a4 c5 23. f4 Rxe2 24. Bxe2 Bc3 25. Rd1 Bc6 26. Bf3 c4 27. bxc4 Bxa4 28. cxd5 Bxc2 29. Rc1 Bd3+ 30. Be2 Bb2 31. Rc5 Bxe2+ 32. Kxe2 a4 33.
Ra5 a3 34. Nf5 Kf8 35. Nxh6 Re8+ 36. Kd2 Rc8 37. Nf5 Bc3+ 0-1

[Event "*** Titled Tuesday Blitz"]
[Site "Chess.com"]
[Date "2021.02.02"]
[Round "7"]
[White "GOGIEFF"]
[Black "Alexsur1981"]
[Result "1/2-1/2"]
[WhiteElo "2920"]
[BlackElo "2860"]
[TimeControl "180+1"]
[EndTime "11:16:08 PST"]
[Termination "Game drawn by agreement"]

1. d4 d5 2. Bf4 c5 3. e3 Nc6 4. Nf3 cxd4 5. exd4 Nf6 6. c3 Qb6 7. Qb3 e6 8. Nbd2 Be7 9. Bd3 Bd7 10. O-O O-O 11.
h3 Rfc8 12. Rfe1 Na5 13. Qc2 Bb5 14. Rab1 Qa6 15. Bxb5 Qxb5 16. Ne5 Nc6 17. Qb3 Qxb3 18. axb3 Nxe5 19. Bxe5 Nd7 20. Bg3 a5 21. Ra1 b6 22.
Ra2 Rd8 23. Kf1 Rac8 24. Ke2 Nb8 25. Nf3 Nc6 26. Ne5 Nxe5 27. Bxe5 Rc6 28. Kd3 f6 29. Bf4 Kf7 1/2-1/2

[Event "*** Titled Tuesday Blitz"]
[Site "Chess.com"]
[Date "2021.02.02"]
[Round "7"]
[White "Ave_Mariia"]
[Black "Mbneu"]
[Result "1-0"]
[WhiteElo "2479"]
[BlackElo "2302"]
[TimeControl "180+1"]
[EndTime "11:16:08 PST"]
[Termination "Ave_Mariia won by resignation"]

1. d4 Nf6 2. c4 c5 3. d5 e6 4. Nc3 exd5 5. cxd5 d6 6. g3 g6 7. Bg2 Bg7 8. Nf3 O-O 9. O-O Re8 10. Bf4 Bf5 11. Nd2 Nh5 12. Be3 Nd7 13. Qc1 Rxe3 14. fxe3 Bh6 15. Nc4 Qe7 16. Kh1 Ne5 17. Nxe5 Qxe5 18.
Nb5 Bxe3 19. Qc4 Nxg3+ 20. hxg3 Qxd5 1-0

[Event "*** Titled Tuesday Blitz"]
[Site "Chess.com"]
[Date "2021.02.02"]
[Round "7"]
[White "Vasily85"]
[Black "KuzubovYuriy"]
[Result "0-1"]
[WhiteElo "2458"]
[BlackElo "2844"]
[TimeControl "180+1"]
[EndTime "11:16:14 PST"]
[Termination "KuzubovYuriy won by resignation"]

1. d4 Nf6 2. Bg5 e6 3. e4 h6 4. Bxf6 Qxf6 5. c3 d6 6. Bd3 e5 7. Nf3 Nc6 8. Bc2 Be7 9. h3 O-O 10. O-O g6 11. a4 Qg7 12. Na3 a6 13. Nc4 exd4 14. Nxd4 Nxd4 15. cxd4 Bf6 16. d5 Bd7 17. Qd2 b5 18. axb5 axb5 19. Na5 Bxb2 20. Ra2 Bc3 0-1

[Event "*** Titled Tuesday Blitz"]
[Site "Chess.com"]
[Date "2021.02.02"]
[Round "7"]
[White "barriochess"]
[Black "FMalexhdez"]
[Result "1-0"]
[WhiteElo "2427"]
[BlackElo "2193"]
[TimeControl "180+1"]
[EndTime "11:16:16 PST"]
[Termination "barriochess won by resignation"]

1. e4 c5 2. Nf3 d6 3. d4 cxd4 4. Nxd4 Nf6 5. Nc3 a6 6. Qd3 e5 7. Nf3 Nbd7 8. Bg5 Nc5 9. Qe2 Be7 10. O-O-O Be6 11. Bxf6 Bxf6 12. Nd5 Bg5+ 13. Kb1 Rc8 14. h4 Bh6 15. g3 O-O 16. Bh3 f5 17. exf5 Bxf5 18.
Bxf5 Rxf5 19. g4 Rxf3 20. Qxf3 g6 21. g5 Bg7 22. Qg4 Qd7 23. Qxd7 Nxd7 24. Ne7+ 1-0

[Event "*** Titled Tuesday Blitz"]
[Site "Chess.com"]
[Date "2021.02.02"]
[Round "7"]
[White "Nachsueb"]
[Black "Mimsychess"]
[Result "0-1"]
[WhiteElo "2178"]
[BlackElo "2362"]
[TimeControl "180+1"]
[EndTime "11:16:25 PST"]
[Termination "Mimsychess won by resignation"]

1. d4 Nf6 2. c4 e6 3. Nc3 Bb4 4.
e3 O-O 5. Ne2 c6 6. a3 Ba5 7. c5 Bc7 8. Ng3 b6 9. b4 e5 10. cxb6 axb6 11. d5 cxd5 12. Nxd5 Nxd5 13. Qxd5 Nc6 14. Bd3 Nxb4 15. Qxa8 Nxd3+ 16. Ke2 d5 17. Qc6 Ba6 18. Kd2 Nxf2 19. Bb2 Nxh1 20. Rxh1 d4 21. exd4 exd4 22. Nf5 Qg5+ 23. Kd1 Qxf5 24. Qxc7 Qd3+ 0-1

[Event "*** Titled Tuesday Blitz"]
[Site "Chess.com"]
[Date "2021.02.02"]
[Round "7"]
[White "FMOlexandrProhorov"]
[Black "mfwagnerpeixoto"]
[Result "1-0"]
[WhiteElo "2154"]
[BlackElo "2307"]
[TimeControl "180+1"]
[EndTime "11:16:26 PST"]
[Termination "FMOlexandrProhorov won on time"]

1. d4 Nf6 2. c4 g6 3. Nc3 d5 4. cxd5 Nxd5 5. Na4 e5 6. dxe5 Nc6 7. Nf3 Bg7 8. Bg5 f6 9. exf6 Bxf6 10. Bxf6 Nxf6 11. Qxd8+ Nxd8 12. Nc3 1-0

[Event "*** Titled Tuesday Blitz"]
[Site "Chess.com"]
[Date "2021.02.02"]
[Round "7"]
[White "Chernobay_Artem"]
[Black "ChristopherYoo"]
[Result "1-0"]
[WhiteElo "2607"]
[BlackElo "2836"]
[TimeControl "180+1"]
[EndTime "11:16:27 PST"]
[Termination "Chernobay_Artem won by resignation"]

1. d4 Nf6 2. c4 e6 3. Nf3 d5 4. g3 Ke7 5. Bg2 Ke8 6. O-O Be7 7. Nc3 Nbd7 8. Qd3 Bb4 9. cxd5 exd5 10. Bg5 Be7 11. e4 dxe4 12. Nxe4 h6 13. Nxf6+ Nxf6 14. Bxf6 Bxf6 15. Rfe1+ Kf8 16. Ne5 Bxe5 17. Rxe5 g6 18.
Rae1 Kg7 19. Re7 Qd6 20. Qc3 Rd8 21. d5+ Kg8 22. Re8+ 1-0